 Dungeon Crawl Stone Soup version 0.28.0-53-g5a82cb258f (webtiles) character file.

Game seed: 5044051037742596774

3035 cbfl8 the Cleaver (level 9, -6/78 HPs)
             Began as a Minotaur Fighter on July 19, 2022.
             Was an Initiate of Okawaru.
             Mangled by a bog body (24 damage)
             ... created by the anger of Yredelemnul
             ... on level 6 of the Dungeon.
             The game lasted 00:12:35 (8074 turns).

cbfl8 the Cleaver (Minotaur Fighter)                Turns: 8074, Time: 00:12:36

Health: -6/78      AC: 18    Str: 27    XL:     9   Next: 56%
Magic:  0/8        EV:  9    Int:  7    God:    Okawaru [......]
Gold:   312        SH: 17    Dex: 12    Spells: 8/8 levels left

rFire   . . .      SeeInvis .   t - +0 broad axe (freeze)
rCold   . . .      Faith    .   s - +0 tower shield
rNeg    . . .      Spirit   +   D - +0 chain mail
rPois   .          Reflect  .   (helmet restricted)
rElec   .          Harm     .   f - +0 cloak
rCorr   .          Rampage  .   (no gloves)
Will    .....                   (no boots)
Stlth   ..........              z - amulet of guardian spirit
HPRegen 0.23/turn               e - +4 ring of protection
MPRegen 0.11/turn               n - +6 ring of strength

@: heroic
A: horns 2, retaliatory headbutt
a: Renounce Religion


You were on level 6 of the Dungeon.
You worshipped Okawaru.
Okawaru was noncommittal.
You visited 2 branches of the dungeon, and saw 8 of its levels.

You collected 312 gold pieces.

Inventory:

Hand Weapons
 a - a +0 war axe
 t - a +0 broad axe of freezing (weapon)
Armour
 b - a +0 scale mail
 c - a +0 buckler
 d - +0 acid dragon scales
 f - a +0 cloak (worn)
 s - a +0 tower shield (worn)
 D - a +0 chain mail (worn)
Jewellery
 e - a +4 ring of protection (left hand)
 n - a +6 ring of strength (right hand)
 u - a ring of flight
 z - an amulet of guardian spirit (around neck)
Wands
 v - a wand of digging (5)
 x - a wand of flame (25)
Scrolls
 g - 5 scrolls of identify {unknown}
 i - 2 scrolls of fear {unknown}
 j - 3 scrolls of enchant weapon {unknown}
 m - 4 scrolls of teleportation {unknown}
 q - a scroll of immolation {unknown}
 r - 2 scrolls of blinking {unknown}
 y - a scroll of magic mapping {unknown}
Potions
 h - 2 potions of haste {unknown}
 k - 3 potions of curing {unknown}
 l - 2 potions of resistance {unknown}
 o - 4 potions of degeneration {unknown}
 p - a potion of mutation {unknown}
 w - 4 potions of attraction {unknown}
 A - a potion of heal wounds {unknown}
 B - a potion of cancellation {unknown}
 C - a potion of invisibility {unknown}
 E - a potion of berserk rage {unknown}


   Skills:
 + Level 6.9(11.9) Fighting
 + Level 10.7(15.7) Axes
 + Level 7.6(12.6) Armour
 + Level 3.1(8.1) Dodging
 + Level 1.7(6.7) Stealth
 + Level 7.5(12.5) Shields
 + Level 1.0 Invocations
 + Level 0.1 Evocations


You had 8 spell levels left.
You didn't know any spells.
Your spell library contained the following spells:

 Spells                   Type           Power      Damage    Failure   Level
 Apportation              Tloc           0%         N/A       100%        1
 Portal Projectile        Hex/Tloc       0%         N/A       100%        3
 Petrify                  Tmut/Erth      0%         N/A       100%        4
 Alistair's Intoxication  Tmut/Pois      0%         N/A       100%        5
 Blade Hands              Tmut           0%         N/A       100%        5
 Excruciating Wounds      Necr           0%         N/A       100%        5
 Metabolic Englaciation   Hex/Ice        0%         N/A       100%        5
 Statue Form              Tmut/Erth      0%         N/A       100%        6


Dungeon Overview and Level Annotations

Branches:
Dungeon (7/15)             Temple (1/1) D:5

Altars:
Dithmenos
Elyvilon
Gozag
Hepliaklqana
Makhleb
Nemelex Xobeh
Okawaru
Qazlal
Ru
Trog
Uskayaw
Vehumet
Wu Jian
Yredelemnul
Zin
The Shining One


Innate Abilities, Weirdness & Mutations

You have a pair of horns on your head.
You reflexively headbutt those who attack you in melee.


Message History

The phantasmal warrior is severely damaged.
You slice the bog body!! You freeze the bog body.
You block the phantasmal warrior's attack.
You block the bog body's attack.
Unknown command.
You hit the bog body. You freeze the bog body.
Your headbutt misses the bog body.
The bog body is almost destroyed.
You hit the phantasmal warrior.
The phantasmal warrior hits you but does no damage.
The bog body casts a spell at you. The bolt of cold hits you.
You hit the bog body.
The bog body is almost destroyed.
You completely miss the phantasmal warrior.
The phantasmal warrior hits you!!
The bog body gestures at you while chanting.
You resist with significant effort.
Unknown command.
You are too injured to fight recklessly!
Unknown command.
You are too injured to fight recklessly!
Unknown command.
Unknown command.
You are too injured to fight recklessly!
Unknown command.
You are too injured to fight recklessly!
Unknown command.
You are too injured to fight recklessly!
Unknown command.
You are too injured to fight recklessly!
Unknown command.
You barely miss the phantasmal warrior.
The phantasmal warrior is almost destroyed.
You barely miss the bog body. The phantasmal warrior hits you!
* * * LOW HITPOINT WARNING * * *
The bog body touches you.
* * * LOW HITPOINT WARNING * * *
The bog body freezes you!!
You die...

##.......# #Z.......##
#.#ZZZ.#
......Z.Z####..####..#
#.######
ZZ..#..ZZZ.......##..#####.#
....###......)...##........##
....# #..........##.####...Z#
....# #..........#........#.#
....# #.......#..#..#######.#
....# #.......#nW#....ZZ....#
....# ##########@#....#######
....# #.#.###......## ....#
#.#.# ##.#....# ....# ###.#
#.#.#..# ##### #.####.#.#).#
#.#....#.<).# #.#.....ZZ..#
#.########.## #...Z.Z....#


You could see a phantasmal warrior and a bog body.

Vanquished Creatures
  A shadow wraith (D:7)
  Pikel (D:7)
  A bog body (D:7)
  Maggie (D:7)
  Sigmund (D:2)
  A wyvern (D:4)
  2 sky beasts
  A necrophage (D:6)
  2 ogres
  2 black bears
  2 centaurs
  A phantom (D:6)
  3 bullfrogs (D:7)
  3 scorpions
  A water moccasin zombie (D:5)
  A centaur zombie (D:7)
  A jelly (D:5)
  2 hounds
  A centaur skeleton (D:6)
  Jessica (D:2)
  An iguana (D:6)
  An orc wizard (D:5)
  2 killer bee zombies
  3 hound skeletons
  3 gnolls (D:2)
  5 adders
  2 shadow imps
  3 white imps
  2 ufetubi
  An adder skeleton (D:4)
  4 worms
  8 orcs
  10 ball pythons
  9 endoplasms
  3 giant cockroaches
  11 goblins
  7 hobgoblins
  4 jackals
  5 quokkas
  5 bats
  3 frilled lizards
  3 kobolds
  7 rats
  A bush (D:2)
132 creatures vanquished.

Vanquished Creatures (collateral kills)
  A bullfrog (D:6)
  A bullfrog zombie (D:5)
  2 centaur skeletons (D:6)
  An adder (D:5)
  A white imp (D:6)
  2 orcs
  A jackal (D:5)
9 creatures vanquished.

Vanquished Creatures (others)
  7 plants
7 creatures vanquished.

Grand Total: 148 creatures vanquished

Notes
Turn   | Place    | Note
-------+----------+-------------------------------------------
     0 | D:1      | cbfl8 the Minotaur Fighter began the quest for the Orb.
     0 | D:1      | Reached XP level 1. HP: 19/19 MP: 0/0
   278 | D:1      | Reached XP level 2. HP: 27/27 MP: 1/1
   440 | D:1      | Found a faded altar of an unknown god.
   524 | D:1      | Reached XP level 3. HP: 29/33 MP: 2/2
   942 | D:2      | Noticed Jessica
   945 | D:2      | Killed Jessica
   946 | D:2      | Reached skill level 3 in Axes
  1042 | D:2      | Noticed Sigmund
  1049 | D:2      | Reached XP level 4. HP: 38/40 MP: 3/3
  1054 | D:2      | Killed Sigmund
  1055 | D:2      | Reached skill level 4 in Axes
  1055 | D:2      | Reached skill level 1 in Dodging
  1055 | D:2      | Reached XP level 5. HP: 37/47 MP: 4/4
  1316 | D:2      | Reached skill level 5 in Axes
  1490 | D:2      | Reached XP level 6. HP: 53/53 MP: 5/5
  2183 | D:3      | Found an iron altar of Okawaru.
  2184 | D:3      | Found a bloodstained altar of Trog.
  2184 | D:3      | Found a glowing golden altar of the Shining One.
  2571 | D:3      | You fall into a shaft and drop 1 floor!
  2823 | D:4      | Reached skill level 5 in Armour
  3054 | D:4      | Noticed a wyvern
  3061 | D:4      | Killed a wyvern
  3062 | D:4      | Reached skill level 5 in Fighting
  3062 | D:4      | Reached skill level 6 in Axes
  3062 | D:4      | Reached XP level 7. HP: 29/61 MP: 6/6
  3525 | D:5      | Entered Level 5 of the Dungeon
  3631 | D:5      | Found a staircase to the Ecumenical Temple.
  3744 | Temple   | Entered the Ecumenical Temple
  3769 | Temple   | Became a worshipper of Yredelemnul the Dark
  3826 | D:5      | Reached skill level 7 in Axes
  3826 | D:5      | Reached skill level 5 in Shields
  4174 | D:5      | Reached * piety under Yredelemnul
  4314 | D:5      | Reached ** piety under Yredelemnul
  4329 | D:5      | Reached XP level 8. HP: 69/69 MP: 7/7
  4346 | D:5      | Reached skill level 8 in Axes
  4637 | D:5      | Reached *** piety under Yredelemnul
  6034 | D:6      | Reached skill level 1 in Stealth
  6282 | D:6      | Reached skill level 9 in Axes
  6328 | D:6      | Reached skill level 1 in Invocations
  6814 | D:7      | Reached XP level 9. HP: 68/75 MP: 8/8
  6875 | D:7      | Reached skill level 10 in Axes
  7490 | D:3      | Fell from the grace of Yredelemnul
  7490 | D:3      | Became a worshipper of Warmaster Okawaru
  7674 | D:7      | Noticed Pikel
  7681 | D:7      | Killed Pikel
  7768 | D:7      | Found a sparkling altar of Nemelex Xobeh.
  7836 | D:7      | Noticed Maggie
  7845 | D:7      | Killed Maggie
  7845 | D:7      | Reached * piety under Okawaru
  7857 | D:7      | Noticed a bog body
  7860 | D:7      | Killed a bog body
  7906 | D:7      | Killed a shadow wraith
  8067 | D:6      | Noticed a phantasmal warrior
  8067 | D:6      | Noticed a bog body
  8074 | D:6      | Mangled by a bog body

Illustrated notes

Levels and vault maps discovered:
D:1:      saegor_arrival_simple_c, layout_basic,
          chequers_ecumenical_altar_lobes, minmay_small_reverse_x
D:2:      layout_loops_ring, serial_forest, infiniplex_forest_clump_double,
          infiniplex_forest_lined_3, infiniplex_forest_lined_corner,
          infiniplex_forest_straight_2, infiniplex_forest_end_2,
          infiniplex_forest_lined_2, uniq_sigmund, uniq_jessica
D:3:      layout_basic, chequers_temple_overflow_statue_of_worship,
          serial_bayou_lagoon_b
D:4:      kennysheep_big_flooded_room, layout_basic
D:5:      layout_loops_corners, temple_fountains
D:6:      layout_basic
D:7:      layout_cave_pools, nemelex_diamond_rough_becter, tgw_sif, uniq_pikel,
          uniq_maggie
Temple:   hc_temple_tempest_star

Skill      XL: |  1  2  3  4  5  6  7  8  9 |
---------------+----------------------------+-----
Armour         | 4 5 6 7 |  7.6
Fighting       | 4 5 6 |  6.9
Shields        | 4 5 6 7 |  7.5
Axes           | 3 4 5 6 7 9 10 | 10.7
Dodging        | 1 2 3 |  3.1
Stealth        | 1 |  1.7
Invocations    | 1 |  1.0
Evocations     | |  0.1

Action                   |  1- 3 |  4- 6 |  7- 9 || total
-------------------------+-------+-------+-------++-------
Melee: War axe           |    76 |    72 |       ||   148
       Headbutt          |     7 |    17 |    25 ||    49
       Broad axe         |       |    23 |   157 ||   180
Invok: Dark Bargain      |       |       |     2 ||     2
       Heroism           |       |       |     2 ||     2
Evoke: Wand              |       |       |     3 ||     3
  Use: Potion            |       |       |     1 ||     1
 Stab: Distracted        |       |       |     2 ||     2
Armor: Scale mail        |    51 |    27 |    79 ||   157
       Chain mail        |       |       |    15 ||    15
Dodge: Dodged            |    48 |    33 |    28 ||   109
Block: Buckler           |    21 |    17 |       ||    38
       Tower shield      |       |    15 |   112 ||   127
